 Dungeon Crawl Stone Soup version 0.24-a0-170-gd8427f5 (webtiles) character file.

Game seed: 13930748054559797390

196 galech the Skirmisher (level 5, 42/42 HPs)
             Began as a Demonspawn Fighter on Mar 11, 2019.
             Quit the game on level 2 of the Dungeon.
             The game lasted 00:01:21 (939 turns).

galech the Skirmisher (Demonspawn Fighter)           Turns: 939, Time: 00:01:22

Health: 42/42      AC:  8    Str: 17    XL:     5   Next: 46%
Magic:  5/5        EV:  7    Int:  9    God:
Gold:   46         SH:  9    Dex: 13    Spells: 4/4 levels left

rFire    . . .     SeeInvis .   a - +0 war axe
rCold    . . .     Gourm    .   c - +0 shield
rNeg     . . .     Faith    .   b - +0 scale mail
rPois    .         Spirit   .   (helmet restricted)
rElec    .         Reflect  .   (no cloak)
rCorr    .         Harm     +   (no gloves)
MR       .....     Rnd*Tele +   (no boots)
Stlth    ..........             k - amulet of harm
HPRegen  0.14/turn              d - ring of teleportation (curse)
MPRegen  0.09/turn              (no ring)

@: no status effects
A: horns 2, icy blue scales 1, spiny 1
a: no special abilities


You were on level 2 of the Dungeon.
You were not hungry.

You visited 1 branch of the dungeon, and saw 2 of its levels.

You collected 46 gold pieces.

Inventory:

Hand Weapons
 a - a +0 war axe (weapon)
Armour
 b - a +0 scale mail (worn)
 c - a +0 shield (worn)
Jewellery
 d - a cursed ring of teleportation (left hand)
 k - an amulet of harm (around neck)
Scrolls
 e - 2 scrolls of teleportation {unknown}
 h - a scroll of enchant armour {unknown}
 i - a scroll of immolation {unknown}
 l - a scroll of identify {unknown}
Potions
 j - a potion of degeneration {unknown}
Comestibles
 f - 2 rations


   Skills:
 + Level 3.7 Fighting
 + Level 3.7 Axes
 + Level 3.1 Armour
 + Level 1.1 Dodging
 + Level 0.2 Stealth
 + Level 3.3 Shields


You had 4 spell levels left.
You didn't know any spells.
Your spell library was empty.

Dungeon Overview and Level Annotations

Branches:
Dungeon (2/15)

Altars:


Innate Abilities, Weirdness & Mutations

You have a pair of horns on your head.
You are partially covered in icy blue scales. (AC +2)
You are partially covered in sharp spines.


Message History

HP restored.
You feel a little less mighty now.
There is a stone staircase leading down here.
Some of the chunks of flesh in your inventory have rotted away.
Found a stone staircase leading up.
Some of the chunks of flesh in your inventory have rotted away.
Found a flail.
You see here a flail.
All of the chunks of flesh in your inventory have rotted away.
d - a twisted ivory ring You now have 37 gold pieces (gained 4).
You now have 46 gold pieces (gained 9).
Things that are here:
a +0 whip; a kobold skeleton You see here a ring mail.
Done exploring.
You feel slightly jumpy.
Oops, that ring feels deathly cold.
d - a cursed ring of teleportation (left hand)
k - an amulet of harm (around neck) Are you sure you want to abandon this character and quit the game? (Confirm with "yes".)

##### #...# #...# ### #...##
######.## #....# #...#(@.#
#....###.#.#.#.# ########
#.....##<#...#.# #.......
#...#.##.##..#.# #.......
##.##.##(#...#.## #.......
##.##..#(#[#.#..#######.......
#.......................>.....
##.####....#.##..#####........
#..#...).##.###..# ##......>.


There were no monsters in sight!

Vanquished Creatures
  Sigmund (D:2)
  An adder (D:2)
  3 leopard geckos
  2 bats
  2 giant cockroaches
  5 goblins
  2 hobgoblins (D:2)
  2 frilled lizards
  2 kobolds (D:2)
  9 rats
29 creatures vanquished.

Notes
Turn   | Place    | Note
-------+----------+-------------------------------------------
     0 | D:1      | galech the Demonspawn Fighter began the quest for the Orb.
     0 | D:1      | Reached XP level 1. HP: 18/18 MP: 1/1
   172 | D:1      | Gained mutation: You have a pair of small horns on your
                  | head. [demonic ancestry]
   172 | D:1      | Reached XP level 2. HP: 21/24 MP: 2/2
   601 | D:2      | Gained mutation: You are partially covered in sharp spines.
                  | [demonic ancestry]
   601 | D:2      | Reached XP level 3. HP: 27/29 MP: 3/3
   701 | D:2      | Noticed Sigmund
   713 | D:2      | Killed Sigmund
   713 | D:2      | Reached skill level 1 in Dodging
   713 | D:2      | Gained mutation: You have a pair of horns on your head.
                  | [demonic ancestry]
   713 | D:2      | Reached XP level 4. HP: 30/37 MP: 4/4
   713 | D:2      | Gained mutation: You are partially covered in icy blue
                  | scales. (AC +2) [demonic ancestry]
   713 | D:2      | Reached XP level 5. HP: 34/42 MP: 5/5
   939 | D:2      | Quit the game

Levels and vault maps discovered:
D:1:      evilmike_arrival_crescent, layout_rooms
D:2:      layout_rooms, uniq_sigmund

Skill      XL: |  1  2  3 |
---------------+----------+-----
Axes           | 2 3 |  3.7
Armour         | 3 |  3.1
Dodging        | 1 |  1.1
Shields        | 3 |  3.3
Fighting       | |  3.7
Stealth        | |  0.2

Action                   |  1- 3 |  4- 6 || total
-------------------------+-------+-------++-------
Melee: War axe           |   100 |       ||   100
       Headbutt          |     7 |       ||     7
  Use: Potion            |     1 |       ||     1
Armor: Scale mail        |    46 |       ||    46
Dodge: Dodged            |    36 |       ||    36
Block: Shield            |    53 |       ||    53

Table legend:
 A = Non-vault XP
 B = Vault XP
 C = Vault XP percentage of total XP
 D = Non-vault monster count
 E = Vault monster count
 F = Vault count percentage of total count
                 A         B        C        D         E       F
            +---------+---------+-------+---------+---------+-------
      Total |      58 |     223 |  79.4 |      28 |       1 |   3.4
            +---------+---------+-------+---------+---------+-------
        D:1 |      23 |       0 |   0.0 |      14 |       0 |   0.0
        D:2 |      35 |     223 |  86.4 |      14 |       1 |   6.7
            +---------+---------+-------+---------+---------+-------
